 Dungeon Crawl Stone Soup version 0.30-a0-722-g3e6e8c874d (webtiles) character file.

Game seed: 12097144779894528267

1582 CoinPitGoblin the Shooter (level 8, 0/61 HPs)
             Began as a Demonspawn Hunter on Jan 28, 2023.
             Was a Follower of Makhleb.
             Slain by a black bear (3 damage)
             ... on level 6 of the Dungeon.
             The game lasted 00:22:13 (5111 turns).

CoinPitGoblin the Shooter (Demonspawn Hunter)       Turns: 5111, Time: 00:22:15

Health: 0/61       AC:  4    Str: 18    XL:     8   Next: 60%
Magic:  11/11      EV: 13    Int: 10    God:    Makhleb [*.....]
Gold:   228        SH:  0    Dex: 19    Spells: 6/11 levels left

rFire   . . .      SeeInvis .    b - +0 long sword
rCold   . . .      Faith    .    (no shield)
rNeg    . . .      Spirit   .    c - +0 leather armour
rPois   .          Reflect  .    (no helmet)
rElec   .          Harm     .    (no cloak)
rCorr   .          Rampage  .    (no gloves)
Will    .....                    m - +0 pair of boots
Stlth   ++                       (no amulet)
HPRegen 0.30/turn                f - +6 ring of strength
MPRegen 0.12/turn                (no ring)

@: no status effects
A: spiny 2, weakness stinger 1
a: Renounce Religion


You were on level 6 of the Dungeon.
You worshipped Makhleb.
Makhleb was aware of your devotion.
You visited 2 branches of the dungeon, and saw 7 of its levels.

You collected 228 gold pieces.

Inventory:

Hand Weapons
 a - a +0 shortbow
 b - a +0 long sword (weapon)
 o - a +0 heavy short sword
Armour
 c - a +0 leather armour (worn)
 m - a +0 pair of boots (worn)
 x - a +0 buckler
Jewellery
 f - a +6 ring of strength (left hand)
 y - a ring of see invisible
Wands
 h - a wand of flame (17)
 r - a wand of roots (7)
 z - a wand of acid (7)
Scrolls
 l - a scroll of immolation
 p - a scroll of silence
 u - 2 scrolls of poison
 w - a scroll of teleportation
Potions
 d - 2 potions of invisibility
 e - a potion of experience {unknown}
 g - a potion of ambrosia {unknown}
 i - 2 potions of heal wounds {unknown}
 j - a potion of degeneration {unknown}
 k - 2 potions of curing {unknown}
 n - a potion of berserk rage {unknown}
 q - a potion of brilliance {unknown}
 s - a potion of magic {unknown}
 t - a potion of mutation {unknown}
 v - a potion of resistance {unknown}


   Skills:
 + Level 4.9 Fighting
 + Level 2.0 Long Blades
 + Level 7.6 Ranged Weapons
 + Level 2.7 Armour
 + Level 3.0 Dodging
 - Level 0.8 Stealth
 * Level 2.3 Spellcasting
 * Level 3.9 Invocations


You had 6 spell levels left.
You knew the following spells:

 Your Spells              Type           Power      Damage    Failure   Level
a - Passwall              Tmut/Erth      0%         N/A       50%         2
b - Swiftness             Air            1%         N/A       73%         3

Your spell library contained the following spells:

 Spells                   Type           Power      Damage    Failure   Level
 Foxfire                  Conj/Fire      4%         2x1d4     36%         1
 Ensorcelled Hibernation  Hex/Ice        2%         N/A       50%         2
 Sublimation of Blood     Necr           1%         N/A       50%         2
 Wereblood                Tmut           1%         N/A       50%         2
 Animate Armour           Summ/Erth      2%         N/A       98%         4
 Blade Hands              Tmut           0%         N/A       100%        5
 Fireball                 Conj/Fire      0%         3d3       100%        5
 Iron Shot                Conj/Erth      0%         9d1       100%        6
 Starburst                Conj/Fire      0%         6d3       100%        6
 Summon Hydra             Summ           0%         N/A       100%        7


Dungeon Overview and Level Annotations

Branches:
Dungeon (6/15)             Temple (1/1) D:5

Altars:
Ashenzari
Cheibriados
Dithmenos
Fedhas
Gozag
Hepliaklqana
Makhleb
Nemelex Xobeh
Okawaru
Qazlal
Ru
Sif Muna
Trog
Vehumet
Xom


Innate Abilities, Weirdness & Mutations

You are mostly covered in sharp spines.
You have a small tail.


Message History

The black bear closely misses you.
The black bear is struck by your spines.
The black bear bites you! The black bear closely misses you.
The black bear claws you.
You are too injured to fight recklessly!
You are too injured to fight recklessly!
You slash the black bear!
The black bear is almost dead.
The black bear barely misses you. The black bear claws you.
The black bear claws you but does no damage.
The black bear goes berserk!
You hit the black bear.
The black bear is almost dead.
The black bear is struck by your spines.
You kill the black bear!
Makhleb accepts your kill. The black bear bites you.
The black bear completely misses you. The black bear claws you.
Your Long Blades skill increases to level 2!
Your Dodging skill increases to level 3!
You slash the black bear!
The black bear is severely wounded.
The black bear bites you!
* * * LOW HITPOINT WARNING * * *
The black bear claws you.
* * * LOW HITPOINT WARNING * * *
The black bear closely misses you. The black bear barely misses you.
The black bear claws you but does no damage.
The black bear claws you.
* * * LOW HITPOINT WARNING * * *
You hit the black bear. You tail-slap the black bear.
The black bear is almost dead.
The black bear goes berserk!
You closely miss the black bear.
Your tail-slap misses the black bear.
The black bear is almost dead.
The black bear is struck by your spines.
The black bear bites you!
* * * LOW HITPOINT WARNING * * *
The black bear claws you.
You die...

#......<....... # ......
#......##...... ....
##..... #####.# #..#. ...
...... ... ... ... #....
#.# #..## # #..##.... #.
#.... .## #..#..... #
###...###..#.#....##..
#.....h....#.....).##. #
##. #@...........#..##
####.### #...
#.)...........#.## #....#..
... #...>.........#...
#......##..
#..............###
#.........#
#............#.###
#.........#
##.....#....##....
#........###### ##.##.##.#.
####.
#.#...........####.##.##.#.
.....
..#......####..............
###..


You could see a black bear (berserk).

Vanquished Creatures
  Sigmund (D:2)
  A wyvern (D:6)
  2 water moccasins
  2 black bears
  An ice beast (D:6)
  An ogre (D:6)
  4 scorpions
  A hound (D:5)
  A gnoll bouda (D:5)
  An iron imp (D:4)
  Jessica (D:2)
  An iguana (D:5)
  Natasha (thrice) (D:2)
  Terence (D:2)
  6 gnolls (D:5)
  6 adders
  A shadow imp (D:6)
  A white imp (D:5)
  2 worms
  2 dart slugs
  13 orcs
  4 bats
  6 endoplasms
  12 goblins
  8 hobgoblins
  4 jackals (D:2)
  7 kobolds
  3 quokkas
  10 ball pythons
  3 frilled lizards (D:1)
  13 rats
122 creatures vanquished.

Vanquished Creatures (others)
  2 plants (D:3)
2 creatures vanquished.

Grand Total: 124 creatures vanquished

Notes
Turn   | Place    | Note
-------+----------+-------------------------------------------
     0 | D:1      | CoinPitGoblin the Demonspawn Hunter began the quest for the
                  | Orb.
     0 | D:1      | Reached XP level 1. HP: 16/16 MP: 1/1
   146 | D:1      | Gained mutation: You are partially covered in sharp spines.
                  | [demonic ancestry]
   146 | D:1      | Reached XP level 2. HP: 23/23 MP: 2/2
   232 | D:1      | Found a faded altar of an unknown god.
   684 | D:1      | Reached skill level 4 in Ranged Weapons
   953 | D:1      | Reached XP level 3. HP: 28/28 MP: 3/3
  1056 | D:2      | Noticed Sigmund
  1060 | D:2      | Killed Sigmund
  1061 | D:2      | Reached skill level 5 in Ranged Weapons
  1061 | D:2      | Reached skill level 1 in Armour
  1061 | D:2      | Gained mutation: You have a small tail. [demonic ancestry]
  1061 | D:2      | Reached XP level 4. HP: 35/35 MP: 4/4
  1061 | D:2      | Reached XP level 5. HP: 41/41 MP: 5/5
  1255 | D:2      | Noticed Natasha
  1260 | D:2      | Killed Natasha
  1292 | D:2      | Noticed Jessica
  1299 | D:2      | Killed Jessica
  1300 | D:2      | Gained mutation: You are mostly covered in sharp spines.
                  | [demonic ancestry]
  1300 | D:2      | Reached XP level 6. HP: 39/47 MP: 6/6
  1349 | D:2      | Noticed Terence
  1361 | D:2      | Killed Terence
  1427 | D:2      | Noticed Natasha
  1430 | D:2      | Killed Natasha
  1587 | D:2      | Noticed Natasha
  1596 | D:2      | Killed Natasha
  2099 | D:3      | Reached skill level 6 in Ranged Weapons
  2756 | D:4      | Found a snail-covered altar of Cheibriados.
  2868 | D:4      | Reached XP level 7. HP: 53/53 MP: 7/7
  2883 | D:4      | Found a bloodstained altar of Trog.
  3279 | D:5      | Entered Level 5 of the Dungeon
  3413 | D:5      | Found a staircase to the Ecumenical Temple.
  3424 | Temple   | Entered the Ecumenical Temple
  3481 | Temple   | Became a worshipper of Makhleb the Destroyer
  3491 | D:5      | Learned a level 2 spell: Passwall
  3495 | D:5      | Learned a level 3 spell: Swiftness
  3564 | D:5      | Found a shimmering blue altar of Sif Muna.
  3617 | D:5      | Reached skill level 1 in Invocations
  4052 | D:5      | Reached skill level 7 in Ranged Weapons
  4052 | D:5      | Reached skill level 1 in Spellcasting
  4112 | D:5      | Found a sacrificial altar of Ru.
  4324 | D:5      | Reached XP level 8. HP: 61/61 MP: 9/9
  4710 | D:6      | Identified the +8 giant spiked club of the Apocalypse
                  | {drain, rN+}
  4718 | D:6      | Reached skill level 1 in Long Blades
  4819 | D:6      | Found a sparkling altar of Nemelex Xobeh.
  4860 | D:6      | Reached * piety under Makhleb
  4861 | D:6      | HP: 3/61 [shadow imp (2)]
  5111 | D:6      | HP: 3/61 [black bear (11)]
  5111 | D:6      | Slain by a black bear

Illustrated notes

Levels and vault maps discovered:
D:1:      heliophobic_arrival_battle_scene, layout_basic,
          ebering_ecumenical_altar_abandoned
D:2:      layout_basic, minmay_surrounded, uniq_terence, uniq_jessica,
          uniq_sigmund, uniq_natasha
D:3:      cheibrodos_old_hovel, layout_loops_ring, chequers_arboretum
D:4:      layout_basic, slow_altar_1, trog_book
D:5:      layout_basic, mainiacjoe_overflow_six_doors_small,
          kennysheep_orc_sif_temple, minmay_temple_entry_tees
D:6:      layout_rooms, mainiacjoe_overflow_tiny_flanked, kennysheep_donut,
          lemuel_flamethrower_2
Temple:   nicolae_temple_ecumenical_triangle

Skill      XL: |  1  2  3  4  5  6  7  8 |
---------------+-------------------------+-----
Dodging        | 2 3 |  3.0
Ranged Weapons | 4 5 6 7 |  7.6
Fighting       | 3 4 |  4.9
Armour         | 1 2 |  2.7
Invocations    | 2 3 |  3.9
Spellcasting   | 1 2 |  2.3
Long Blades    | 2 |  2.0
Stealth        | |  0.8

Action                     |  1- 3 |  4- 6 |  7- 9 || total
---------------------------+-------+-------+-------++-------
  Melee: Dagger            |     8 |    36 |       ||    44
         Tailslap          |       |     9 |    10 ||    19
         Short sword       |       |     7 |       ||     7
         Long sword        |       |       |    42 ||    42
         Punch             |       |       |     2 ||     2
   Fire: Shortbow          |    69 |   102 |    85 ||   256
    Use: Scroll            |     3 |     4 |     3 ||    10
         Potion            |       |       |     1 ||     1
   Stab: Sleeping          |       |     1 |       ||     1
 Armour: Leather armour    |    10 |     9 |    10 ||    29
  Dodge: Dodged            |    12 |    29 |    38 ||    79

Table legend: (Time is in decaauts)
 A = Elapsed time spent in this place.
 B = Non-inter-level travel time spent in this place.
 C = Inter-level travel time spent in this place.
 D = Time resting spent in this place.
 E = Time spent auto-exploring this place.
 F = Levels seen in this place.
 G = Mean time per level.
                   A        B        C        D        E       F      G
               +--------+--------+--------+--------+--------+-----+--------+
         Total |   5183 |   4738 |    445 |    343 |   3572 |   7 |  740.4 |
       Dungeon |   5121 |   4680 |    441 |    343 |   3537 |   6 |  853.5 |
        Temple |     62 |     58 |      4 |      0 |     35 |   1 |   62.0 |
               +--------+--------+--------+--------+--------+-----+--------+

Top non-repeatable levels by time:
     D:5: 1276 daAuts
     D:1: 1035 daAuts
     D:2: 981 daAuts
     D:3: 745 daAuts
     D:4: 662 daAuts
     D:6: 419 daAuts
  Temple: 62 daAuts
